 Dungeon Sprint DCSS version 0.31-a0-1074-g0b22e4e0f1 (webtiles) character file.

Game seed: 13568722250183630207

23330 rocky1 the Fencer (level 12, -9/124 HPs)
             Began as a Minotaur Gladiator on Nov 30, 2023.
             Was the Champion of Cheibriados.
             Killed from afar by a fire giant (23 damage)
             ... with a fireball
             ... in the Dungeon (Sprint VII: "The Pits").
             The game lasted 00:07:52 (3509 turns).

rocky1 the Fencer (Minotaur Gladiator)              Turns: 3509, Time: 00:07:52

Health: -9/124     AC: 22    Str: 38    XL:     12   Next: 70%
Magic:  19/23      EV: 23    Int: 23    God:    Cheibriados [******]
Gold:   21         SH:  0    Dex: 31    Spells: 11/11 levels left

rFire   . . .        A - +4 scimitar (flame)
rCold   . . .        (no shield)
rNeg    . . .        y - +4 chain mail
rPois   .            c - +0 hat
rElec   .            G - +0 cloak
rCorr   .            x - +0 pair of gloves
SInv    .            (no boots)
Will    .....        (no amulet) Stlth
                     s - +3 ring of intelligence
HPRegen 0.40/turn    t - +3 ring of strength
MPRegen 0.18/turn

%: no teleportation
@: lethally poisoned (-9 -> -17), very slow
A: horns 2, retaliatory headbutt
a: Renounce Religion, Bend Time, Temporal Distortion, Slouch, Step From Time


You were in the Dungeon.
You worshipped Cheibriados.
Cheibriados was exalted by your worship.
You visited 1 branch You collected 21 gold pieces.

Inventory:

Hand Weapons
 q - the +6 war axe of Eternity {antimagic, rElec rN+ Will+ Dex-3}
   (You found it in the Dungeon)

   Dex-3:     It affects your dexterity (-3).
   rElec:     It insulates you from electricity.
   rN+:       It protects you from negative energy.
   Will+:     It increases your willpower.
 w - a +2 scimitar of holy wrath
 A - a +4 scimitar of flaming (weapon)
Missiles
 d - 2 throwing nets (quivered)
 e - a javelin
 z - 3 boomerangs
Armour
 c - a +0 hat (worn)
 x - a +0 pair of gloves (worn)
 y - a +4 chain mail (worn)
 G - a +0 cloak (worn)
Jewellery
 h - a ring of see invisible
 p - a ring of protection from fire
 s - a +3 ring of intelligence (left hand)
 t - a +3 ring of strength (right hand)
Talismans
 b - a dragon-blood talisman
 H - a maw talisman
Wands
 a - a wand of iceblast (7)
 I - a wand of paralysis (4)
Scrolls
 k - 2 scrolls of blinking
 m - 2 scrolls of vulnerability
 n - 5 scrolls of amnesia
 o - a scroll of summoning
 r - 6 scrolls of enchant armour
 B - 2 scrolls of identify
 D - a scroll of fog
 F - 3 scrolls of enchant weapon
 J - a scroll of immolation
Potions
 f - 6 potions of curing
 g - 15 potions of heal wounds
 i - 3 potions of magic
 j - a potion of berserk rage
 l - a potion of invisibility
 u - 4 potions of mutation
 v - a potion of brilliance
 C - a potion of resistance
 E - a potion of might


   Skills:
 + Level 16.5 Fighting
 + Level 20.9 Long Blades
 - Level 3.0 Throwing
 + Level 17.6 Armour
 + Level 12.9 Dodging
 - Level 0.5 Stealth
 * Level 17.1 Invocations


You had 11 spell levels left.
You didn't know any spells.
Your spell library was empty.

Dungeon Overview and Level Annotations

Branches:
Dungeon (1/1)

Altars:
Ashenzari
Cheibriados
Dithmenos
Elyvilon
Fedhas
Gozag
Hepliaklqana
Kikubaaqudgha
Makhleb
Nemelex Xobeh
Okawaru
Qazlal
Ru
Sif Muna
Trog
Uskayaw
Vehumet
Wu Jian
Xom
Yredelemnul
Zin
The Shining One
Jiyva
Lugonu


Innate Abilities, Weirdness & Mutations

You have a pair of horns on your head.
You reflexively headbutt those who attack you in melee.


Message History

Unknown command.
Unknown command.
Magic courses through your body.
You feel very sick.
The catoblepas bellows!
A redback comes into view.
The death yak closely misses you. The death yak completely misses you.
The orc sorcerer casts a spell.
Activating: Slouch (0% risk of failure)
Press: ? - help, Dir - look around, f - activate You can feel time thicken for a moment.
You kill the death yak!
Cheibriados appreciates the change of pace.
You kill the death yak!
Cheibriados appreciates the change of pace.
You kill the ice devil!
Cheibriados appreciates the change of pace.
You kill the orc sorcerer!
Cheibriados appreciates the change of pace.
The red devil disappears in a puff of smoke!
You kill the redback!
Cheibriados thoroughly appreciates the change of pace.
You feel very sick.
A yak comes into view.
The fire giant casts a spell at you.
The fireball explodes!
The fireball engulfs the sun demon.
The sun demon completely resists.
The fireball engulfs you!!!
You hear a deafening roar!
You hear a shout!
You hear a howl!
You hear a shout!
Your Invocations skill increases to level 17!
Unknown command.
You feel very sick. The sun demon completely misses you.
You furiously retaliate!
You headbutt the sun demon. The sun demon hits you!
* * * LOW HITPOINT WARNING * * *
You are engulfed in flames!
* * * LOW HITPOINT WARNING * * *
The fire giant casts a spell at you.
The fireball explodes!
The fireball engulfs the sun demon.
The sun demon completely resists.
The fireball engulfs you!!
You die...

+....... ## ## #..#.... #.# #.
#....... #Y# #. #....... #Y# #t
###''### #C# #2 ###''### #:#)
#......# ########3######..
#.#)##.# ### .........@.......
#.#.)+.# _.# .................
#.').#.# _.# ######++#########
#.#.['.#
..###########++###########.+..#.#
#'##................##..##.##+#.#
'.##......#..#......##..##. #
#.##................''..#
...'................''..#########
####......#..#......##.......[...


You could see a fire giant, a catoblepas, a sun demon and a yak.

Vanquished Creatures
  An emperor scorpion (D)
  A frost giant (D)
  A green draconian (D)
  A fire dragon (D)
  A merfolk impaler (D)
  A hydra (D)
  4 death yaks (D)
  A vampire mage (D)
  Nergalle (D)
  A shadow wraith (D)
  A fire crab (D)
  A sixfirhy (D)
  A sea snake (D)
  An orc knight (D)
  3 harpies (D)
  A wolf spider (D)
  A deep elf pyromancer (D)
  A cyclops (D)
  3 orc sorcerers (D)
  A deep elf zephyrmancer (D)
  Joseph (D)
  A rust devil (D)
  A cane toad (D)
  An unseen horror (D)
  2 efreet (D)
  An ice devil (D)
  A freezing wraith (D)
  3 trolls (D)
  A guardian mummy (D)
  A merfolk (D)
  A hornet (D)
  A tyrant leech (D)
  2 hellwings (D)
  A polar bear (D)
  A wandering mushroom (D)
  A flying skull (D)
  A shadow (D)
  2 ynoxinuls (D)
  A spriggan (D)
  A wraith (D)
  6 yaks (D)
  A fire bat (D)
  2 vampire mosquitoes (D)
  3 redbacks (D)
  A steam dragon (D)
  A warg (D)
  A water moccasin (D)
  A swamp drake (D)
  3 orc warriors (D)
  A sky beast (D)
  A black bear (D)
  An ogre (D)
  A wolf (D)
  3 scorpions (D)
  5 wights (D)
  5 killer bees (D)
  A crimson imp (D)
  A jelly (D)
  4 orc priests (D)
  A quasit (D)
  Jessica (D)
  An orc wizard (D)
  2 gnolls (D)
  A river rat (D)
  An adder (D)
  A white imp (D)
  A worm (D)
  A giant cockroach (D)
  3 goblins (D)
  A hobgoblin (D)
  A ball python (D)
  2 frilled lizards (D)
  A kobold (D)
  A quokka skeleton (D)
  3 rats (D)
116 creatures vanquished.

Notes
Turn   | Place    | Note
-------+----------+-------------------------------------------
     0 | D        | rocky1 the Minotaur Gladiator began the quest for the Orb.
     0 | D        | Reached XP level 1. HP: 18/18 MP: 0/0
    17 | D        | Noticed a scorpion
    24 | D        | Killed a scorpion
    25 | D        | Reached skill level 6 in Long Blades
    25 | D        | Reached skill level 5 in Dodging
    25 | D        | Reached XP level 2. HP: 22/27 MP: 1/1
    25 | D        | Reached XP level 3. HP: 27/33 MP: 2/2
    29 | D        | Found a bloodstained altar of Trog.
    29 | D        | Found a shimmering blue altar of Sif Muna.
    29 | D        | Found a viscous altar of Jiyva.
    29 | D        | Found a hazy altar of Hepliaklqana.
    29 | D        | Found an opulent altar of Gozag.
    30 | D        | Found a glowing golden altar of the Shining One.
    30 | D        | Found a glowing silver altar of Zin.
    30 | D        | Found a basalt altar of Yredelemnul.
    30 | D        | Found a shimmering altar of Xom.
    30 | D        | Found an ornate altar of the Wu Jian Council.
    30 | D        | Found a sacrificial altar of Ru.
    30 | D        | Found a stormy altar of Qazlal.
    30 | D        | Found an iron altar of Okawaru.
    30 | D        | Found a sparkling altar of Nemelex Xobeh.
    30 | D        | Found a burning altar of Makhleb.
    30 | D        | Found a blossoming altar of Fedhas.
    30 | D        | Found a white marble altar of Elyvilon.
    30 | D        | Found a shadowy altar of Dithmenos.
    30 | D        | Found a snail-covered altar of Cheibriados.
    34 | D        | Found a corrupted altar of Lugonu.
    34 | D        | Found a radiant altar of Vehumet.
    35 | D        | Found a broken altar of Ashenzari.
    35 | D        | Found an ancient bone altar of Kikubaaqudgha.
    35 | D        | Found a hide-covered altar of Uskayaw.
    41 | D        | Became a worshipper of Cheibriados the Contemplative
    81 | D        | Noticed a scorpion
    83 | D        | Killed a scorpion
    84 | D        | Reached skill level 8 in Long Blades
    84 | D        | Reached XP level 4. HP: 34/41 MP: 2/4
    84 | D        | Reached * piety under Cheibriados
   162 | D        | Reached ** piety under Cheibriados
   165 | D        | Reached *** piety under Cheibriados
   227 | D        | Noticed a scorpion
   228 | D        | Noticed a wolf
   234 | D        | Killed a scorpion
   235 | D        | Reached skill level 5 in Fighting
   235 | D        | Reached skill level 9 in Long Blades
   235 | D        | Reached XP level 5. HP: 44/48 MP: 4/6
   239 | D        | Reached **** piety under Cheibriados
   246 | D        | Killed a wolf
   247 | D        | Reached skill level 10 in Long Blades
   247 | D        | Reached XP level 6. HP: 52/56 MP: 5/8
   250 | D        | Reached ***** piety under Cheibriados
   286 | D        | Noticed Jessica
   287 | D        | Killed Jessica
   288 | D        | Reached skill level 11 in Long Blades
   288 | D        | Reached skill level 1 in Armour
   288 | D        | Reached skill level 5 in Invocations
   290 | D        | Noticed a water moccasin
   293 | D        | Killed a water moccasin
   296 | D        | Noticed a warg
   296 | D        | Noticed a fire bat
   296 | D        | Noticed a sky beast
   301 | D        | Killed a sky beast
   302 | D        | Reached skill level 12 in Long Blades
   302 | D        | Reached XP level 7. HP: 63/63 MP: 10/10
   308 | D        | Killed a fire bat
   316 | D        | Reached skill level 13 in Long Blades
   316 | D        | Reached skill level 5 in Armour
   316 | D        | Reached ****** piety under Cheibriados
   589 | D        | Noticed a deep elf zephyrmancer
   591 | D        | Killed an unseen horror
   592 | D        | Reached skill level 10 in Dodging
   592 | D        | Reached XP level 8. HP: 73/73 MP: 5/12
   596 | D        | Killed a deep elf zephyrmancer
   597 | D        | Reached skill level 14 in Long Blades
   732 | D        | Reached skill level 15 in Long Blades
   948 | D        | Noticed an orc sorcerer
   948 | D        | Noticed Nergalle
   953 | D        | Noticed a sixfirhy
   954 | D        | Killed an orc sorcerer
   955 | D        | Reached XP level 9. HP: 27/82 MP: 8/14
   955 | D        | Noticed a spectral orc warlord
   956 | D        | Killed Nergalle
   957 | D        | Reached skill level 16 in Long Blades
  1231 | D        | Noticed a sixfirhy
  1234 | D        | Killed a sixfirhy
  1235 | D        | Reached skill level 10 in Armour
  1235 | D        | Reached skill level 10 in Invocations
  1242 | D        | Reached skill level 17 in Long Blades
  1242 | D        | Reached XP level 10. HP: 69/92 MP: 10/16
  1332 | D        | Reached skill level 10 in Fighting
  1510 | D        | Noticed a fire crab
  1510 | D        | Noticed a fire dragon
  1510 | D        | Noticed a wolf spider
  1510 | D        | Noticed a green draconian
  1510 | D        | Noticed a merfolk impaler
  1512 | D        | Killed a wolf spider
  1513 | D        | Killed a fire crab
  1514 | D        | Reached skill level 18 in Long Blades
  1522 | D        | Killed a fire dragon
  1524 | D        | Killed a merfolk impaler
  1525 | D        | Reached XP level 11. HP: 102/102 MP: 4/19
  1531 | D        | Killed a green draconian
  1819 | D        | Got the +6 war axe of Eternity {antimagic, rElec rN+ Will+
                  | Dex-3}
  1983 | D        | Noticed an orc sorcerer
  1990 | D        | Killed an orc sorcerer
  2208 | D        | Noticed Joseph
  2231 | D        | Killed Joseph
  2413 | D        | Reached skill level 15 in Armour
  2601 | D        | Noticed a sea snake
  2603 | D        | Killed a sea snake
  2605 | D        | Killed a shadow wraith
  2606 | D        | Reached skill level 19 in Long Blades
  2616 | D        | Reached skill level 15 in Invocations
  2625 | D        | Noticed a death yak
  2631 | D        | Killed a death yak
  2711 | D        | Noticed a vampire mage
  2711 | D        | Noticed a frost giant
  2723 | D        | Killed a frost giant
  2734 | D        | Noticed a flayed ghost
  2740 | D        | Killed a vampire mage
  3103 | D        | Noticed an emperor scorpion
  3104 | D        | Noticed a deep elf pyromancer
  3115 | D        | Killed an emperor scorpion
  3116 | D        | Reached XP level 12. HP: 117/117 MP: 17/22
  3124 | D        | Reached skill level 20 in Long Blades
  3164 | D        | Noticed a six-headed hydra
  3170 | D        | Killed a four-headed hydra
  3191 | D        | Reached skill level 15 in Fighting
  3395 | D        | Found the +7 captain's cutlass {speed, disarm}
  3502 | D        | Noticed a fire giant
  3502 | D        | Noticed a death yak
  3502 | D        | Noticed a death yak
  3502 | D        | Noticed a death yak
  3506 | D        | Killed a death yak
  3506 | D        | Noticed a catoblepas
  3506 | D        | Noticed a blizzard demon
  3508 | D        | Killed a death yak
  3508 | D        | Killed a death yak
  3509 | D        | Killed from afar by a fire giant

Illustrated notes

Levels and vault maps discovered:
D:        pitsprint [storerooms_1, entrance_room_1, metal_vault_5, armoury_1,
          mini_pit_1, grid_room_1, main_hall_1, silver_pit, the_coven_3,
          the_vestibule_1, steel_vault_2, golden_pit, hallway_of_sentries,
          crystal_vault_3, iron_vault_4, final_vault]

Skill      XL: |  1  2  3  4  5  6  7  8  9 10 11 12 |
---------------+-------------------------------------+-----
Fighting       | 3 4 5 6 7 8 9 11 14 16 | 16.5
Long Blades    | 6 8 9 10 12 13 15 17 18 19 20 | 20.9
Throwing       | 3 |  3.0
Dodging        | 5 6 7 8 9 10 11 12 | 12.9
Invocations    | 2 3 4 5 7 8 10 13 15 17 | 17.1
Armour         | 3 5 8 10 13 16 17 | 17.6
Stealth        | |  0.5

Action                     |  1- 3 |  4- 6 |  7- 9 | 10-12 || total
---------------------------+-------+-------+-------+-------++-------
  Melee: Long sword        |     7 |    35 |    18 |       ||    60
         Headbutt          |     2 |     7 |     9 |    36 ||    54
         Scimitar          |       |       |    25 |   159 ||   184
         Punch             |       |       |       |     5 ||     5
  Throw: Throwing net      |     1 |       |       |       ||     1
 Invoke: Slouch            |       |       |     4 |     9 ||    13
    Use: Potion            |       |       |       |     8 ||     8
   Stab: Sleeping          |       |     1 |       |       ||     1
         Invisible         |       |       |       |     2 ||     2
 Armour: Leather armour    |     3 |     1 |       |       ||     4
         Chain mail        |       |    13 |    33 |    99 ||   145
  Dodge: Dodged            |     4 |    12 |    46 |   174 ||   236

Table legend: (Time is in decaauts)
 A = Elapsed time spent in this place.
 B = Non-inter-level travel time spent in this place.
 C = Inter-level travel time spent in this place.
 D = Time resting spent in this place.
 E = Time spent auto-exploring this place.
 F = Levels seen in this place.
 G = Mean time per level.
                   A        B        C        D        E       F      G
               +--------+--------+--------+--------+--------+-----+--------+
         Total |   4058 |   3872 |    186 |   2436 |      0 |   1 | 4058.0 |
       Dungeon |   4058 |   3872 |    186 |   2436 |      0 |   1 | 4058.0 |
               +--------+--------+--------+--------+--------+-----+--------+

Top non-repeatable levels by time:
       D: 4058 daAuts
